 Dungeon Crawl Stone Soup version 0.21-a0-257-gbb444f2 (webtiles) character file.

4876 zeke the Cleaver (level 10, -2/84 HPs)
             Began as a Minotaur Fighter on Sept 6, 2017.
             Was a Follower of Okawaru.
             Slain by a death yak (12 damage)
             ... on level 8 of the Dungeon.
             The game lasted 00:18:19 (5616 turns).

zeke the Cleaver (Minotaur Fighter)                 Turns: 5616, Time: 00:18:20

Health: -2/84      AC: 17    Str: 30    XL:     10   Next: 26%
Magic:  9/9        EV: 11    Int:  7    God:    Okawaru [*.....]
Gold:   468        SH: 11    Dex:  9    Spells: 9/9 levels left

rFire    + . .     SeeInvis .   l - +4 war axe
rCold    . . .     Gourm    .   c - +0 shield
rNeg     . . .     Faith    .   q - +4 ring mail {MR+}
rPois    .         Spirit   .   (helmet unavailable)
rElec    .         Reflect  .   K - +0 cloak
rCorr    .         Harm     .   b - +0 pair of gloves
MR       +....                  k - +0 pair of boots
Stlth    +.........             s - amulet of magic regeneration
HPRegen  0.24/turn              e - ring of protection from fire
MPRegen  0.36/turn              n - +3 ring of protection

@: mighty
A: retaliatory headbutt, horns 3, clever 1
a: Heroism, Renounce Religion


You were on level 8 of the Dungeon.
You worshipped Okawaru.
Okawaru was aware of your devotion.
You were not hungry.

You visited 2 branches of the dungeon, and saw 9 of its levels.

You collected 468 gold pieces.

Inventory:

Hand Weapons
 a - a +1 war axe
 l - a +4 war axe (weapon)
Armour
 b - a +0 pair of gloves (worn)
 c - a +0 shield (worn)
 k - a +0 pair of boots (worn)
 q - a +4 ring mail of magic resistance (worn)
 K - a +0 cloak (worn)
Jewellery
 e - a ring of protection from fire (left hand)
 j - an uncursed ring of stealth
 n - a +3 ring of protection (right hand)
 o - an uncursed ring of resist corrosion
 s - an amulet of magic regeneration (around neck)
 J - an uncursed ring of stealth
Wands
 y - a wand of random effects (22/48)
 B - a wand of lightning (3/15)
 F - a wand of paralysis (6/24)
 G - a wand of flame (20/48)
Scrolls
 g - 7 scrolls of identify
 w - a scroll of teleportation
 C - 4 scrolls of enchant weapon
 D - a scroll of remove curse
 E - a scroll of silence {unknown}
 H - a scroll of amnesia {unknown}
 I - a scroll of holy word {unknown}
 L - a scroll of recharging {unknown}
 P - a scroll of vulnerability {unknown}
Potions
 p - 2 potions of agility
 r - 2 potions of flight {unknown}
 t - a potion of lignification {unknown}
 u - a potion of brilliance {unknown}
 z - 3 potions of curing {unknown}
 A - a potion of resistance {unknown}
 M - a potion of cancellation {unknown}
 O - a potion of haste {unknown}
Books
 i - a book of Cantrips

   Spells                             Type                      Level
   a - Confusing Touch                Hexes                        1
   b - Animate Skeleton               Necromancy                   1
   c - Summon Small Mammal            Summoning                    1
   d - Apportation                    Translocation                1
 x - a book of Flames

   Spells                             Type                      Level
   a - Flame Tongue                   Conjuration/Fire             1
   b - Throw Flame                    Conjuration/Fire             2
   c - Conjure Flame                  Conjuration/Fire             3
   d - Inner Flame                    Hexes/Fire                   3
   e - Sticky Flame                   Conjuration/Fire             4
   f - Fireball                       Conjuration/Fire             5
Comestibles
 f - 9 bread rations
 h - 8 meat rations
 m - 4 fruits
 v - a royal jelly
 N - 2 chunks of flesh


   Skills:
 + Level 6.8 Fighting
 * Level 13.5 Axes
 + Level 0.8 Throwing
 + Level 6.9 Armour
 + Level 3.3 Dodging
 + Level 0.8 Stealth
 + Level 7.7 Shields


You had 9 spell levels left.
You didn't know any spells.

Dungeon Overview and Level Annotations

Branches:
Dungeon (8/15)             Temple (1/1) D:4            Lair (0/6) D:8

Altars:
Ashenzari
Cheibriados
Dithmenos
Fedhas
Gozag
Hepliaklqana
Kikubaaqudgha
Makhleb
Nemelex Xobeh
Okawaru
Qazlal
Sif Muna
Uskayaw
Vehumet
Wu Jian
Xom
Yredelemnul
Zin
The Shining One

Shops:
D:7 }


Innate Abilities, Weirdness & Mutations

You reflexively headbutt those who attack you in melee.
You have a pair of large horns on your head.
Your mind is acute. (Int +2)


Message History

You slash the death yak!
The death yak is lightly wounded.
You slash the yak! You block the death yak's attack.
The yak gores you but does no damage.
You slice the death yak!! You headbutt the death yak!
The death yak is heavily wounded.
You slash the yak!
The death yak gores you but does no damage.
The yak closely misses you. You furiously retaliate!
You headbutt the yak! You slash the death yak!
The death yak is severely wounded.
You hit the yak.
You kill the yak!
Okawaru accepts your kill. The death yak closely misses you. The yak gores you.
* * * LOW HITPOINT WARNING * * *
You hit the death yak. You headbutt the death yak!
The death yak is almost dead.
You hit the yak. The death yak gores you!
You die...

####### ##### .......
....# .......
....#############.......
......................).
....############........
....# #........ #.###
#@#......
....############YY......
....##..........Y(.##.>.
....##..............# ..
....##.....))......... .
..........=.............
................#.?.....
....##...........###.###
#.................. ..


You could see a death yak and 2 yaks.

Vanquished Creatures
  2 death yaks (D:8)
  Prince Ribbit (D:6)
  A yak (D:8)
  Eustachio (D:6)
  Edmund (D:6)
  2 orc warriors (D:8)
  2 phantoms (D:4)
  2 sky beasts
  2 ice beasts
  A black bear (D:8)
  An ogre (D:8)
  A necrophage (D:7)
  5 centaurs
  A big kobold (D:7)
  4 bullfrogs
  2 scorpions
  The ghost of terra52 the Covered, a weakling DDFi (D:3)
  3 wights (D:6)
  A howler monkey (D:5)
  2 crimson imps
  A quasit (D:8)
  A jelly (D:7)
  3 orc priests
  A bullfrog skeleton (D:7)
  5 hounds
  5 orc wizards
  Natasha (thrice) (D:4 D:5)
  Ijyb (D:5)
  2 iguanas
  4 worker ants
  A hound skeleton (D:8)
  13 adders
  A shadow imp (D:6)
  An ooze (D:1)
  4 adder skeletons
  2 worms
  2 dart slugs (D:1)
  5 leopard geckos
  35 orcs
  10 giant cockroaches
  10 goblins
  8 hobgoblins
  3 jackals (D:6)
  15 kobolds
  6 quokkas
  2 ball pythons
  9 bats
  6 frilled lizards
  A jackal skeleton (D:5)
  A quokka skeleton (D:4)
  3 rats
200 creatures vanquished.

Notes
Turn   | Place    | Note
-------+----------+-------------------------------------------
     0 | D:1      | zeke the Minotaur Fighter began the quest for the Orb.
     0 | D:1      | Reached XP level 1. HP: 19/19 MP: 0/0
   124 | D:1      | Reached XP level 2. HP: 27/27 MP: 1/1
   270 | D:1      | Reached XP level 3. HP: 33/33 MP: 2/2
   454 | D:1      | Reached skill level 3 in Axes
   813 | D:2      | Reached skill level 4 in Axes
   813 | D:2      | Reached XP level 4. HP: 29/40 MP: 3/3
  1284 | D:3      | Noticed terra52's ghost (weakling DDFi)
  1294 | D:3      | Killed terra52's ghost
  1294 | D:3      | Reached XP level 5. HP: 43/46 MP: 4/4
  1363 | D:3      | Reached skill level 5 in Axes
  1369 | D:3      | Reached skill level 1 in Dodging
  2013 | D:4      | Found a shimmering altar of Xom.
  2076 | D:4      | Noticed Natasha
  2085 | D:4      | Killed Natasha
  2085 | D:4      | Reached XP level 6. HP: 43/52 MP: 5/5
  2171 | D:4      | Reached skill level 6 in Axes
  2207 | D:4      | Found a staircase to the Ecumenical Temple.
  2217 | Temple   | Entered the Ecumenical Temple
  2384 | D:4      | Reached skill level 5 in Shields
  2421 | D:4      | Reached skill level 5 in Armour
  2456 | D:4      | Found a basalt altar of Yredelemnul.
  2703 | D:5      | Entered Level 5 of the Dungeon
  2705 | D:5      | Noticed an ice beast
  2707 | D:5      | Noticed Natasha
  2709 | D:5      | Reached skill level 7 in Axes
  2709 | D:5      | Reached XP level 7. HP: 60/60 MP: 6/6
  2715 | D:5      | Killed Natasha
  2944 | D:5      | Noticed Ijyb
  2953 | D:5      | HP: 1/60 [Ijyb/wand of lightning (?/15) (11)]
  2954 | D:5      | Killed Ijyb
  3271 | D:5      | Noticed Natasha
  3276 | D:5      | Killed Natasha
  3276 | D:5      | Reached skill level 8 in Axes
  3738 | D:6      | Noticed Eustachio
  3746 | D:6      | Killed Eustachio
  3746 | D:6      | Reached skill level 9 in Axes
  3746 | D:6      | Reached XP level 8. HP: 67/67 MP: 7/7
  3856 | D:6      | Noticed Prince Ribbit
  3865 | D:6      | Killed Prince Ribbit
  3865 | D:6      | Reached skill level 5 in Fighting
  3865 | D:6      | Reached skill level 10 in Axes
  3966 | D:6      | Gained mutation: Your mind is acute. (Int +2) [mutagenic meat]
  3967 | D:6      | Gained mutation: You have a pair of large horns on your head. [mutagenic meat]
  4101 | D:6      | Noticed Edmund
  4110 | D:6      | Killed Edmund
  4110 | D:6      | Reached skill level 11 in Axes
  4554 | D:7      | Reached XP level 9. HP: 74/74 MP: 8/8
  4739 | D:7      | Found Melick's Gadget Shoppe.
  4783 | D:7      | Found an opulent altar of Gozag.
  5133 | D:8      | Reached skill level 12 in Axes
  5181 | D:8      | Noticed a death yak
  5189 | D:8      | Noticed a death yak
  5192 | D:8      | Noticed a death yak
  5199 | D:8      | Found an ornate altar of the Wu Jian Council.
  5537 | D:8      | Found a deep blue altar of Sif Muna.
  5537 | D:8      | Found a burning altar of Makhleb.
  5538 | D:8      | Found an iron altar of Okawaru.
  5554 | D:8      | Became a worshipper of Warmaster Okawaru
  5588 | D:8      | Found a staircase to the Lair.
  5611 | D:8      | Killed a death yak
  5611 | D:8      | Reached skill level 13 in Axes
  5611 | D:8      | Reached XP level 10. HP: 19/84 MP: 9/9
  5612 | D:8      | Killed a death yak
  5612 | D:8      | Reached * piety under Okawaru
  5616 | D:8      | Slain by a death yak

Vault maps used:
D:1:      dpeg_arrival_more_subterranean_lakeside_camping,
          corexii_leaking_fountain
D:3:      first_bread, minmay_misc_feat_four_crosses
D:4:      yredelemnul_altar_generic, tgw_xom, minmay_temple_entry_grid,
          uniq_natasha
D:5:      kennysheep_generic_room_16, uniq_ijyb
D:6:      uniq_prince_ribbit1, uniq_eustachio, uniq_edmund
D:7:      kennysheep_big_flooded_room, grunt_gozag_statues,
          nicolae_overflow_hidden_temple, serial_shops, shop
D:8:      gammafunk_temple_overflow_forgotten, overflow_temple_1_default,
          dpeg_lair_monsters, minmay_misc_feat_roman, grunt_ogre_cave,
          lightli_orcish_oven
Temple:   minmay_temple_bridge_abc

Skill      XL: |  1  2  3  4  5  6  7  8  9 |
---------------+----------------------------+-----
Armour         | 4 5 6 |  6.9
Shields        | 4 5 6 7 |  7.7
Axes           | 4 5 7 9 11 13 | 13.5
Fighting       | 4 5 6 |  6.8
Dodging        | 1 2 3 |  3.3
Throwing       | |  0.8
Stealth        | |  0.8

Action                   |  1- 3 |  4- 6 |  7- 9 | 10-12 || total
-------------------------+-------+-------+-------+-------++-------
Melee: War axe           |    86 |   158 |   300 |     5 ||   549
       Headbutt          |    11 |    27 |    59 |     2 ||    99
Throw: Tomahawk          |       |       |     2 |       ||     2
  Use: Scroll            |       |     4 |    10 |       ||    14
       Potion            |       |       |     2 |       ||     2
  Eat: Chunk             |       |     6 |    12 |       ||    18
Armor: Scale mail        |    55 |    49 |    27 |       ||   131
       Ring mail         |       |       |    86 |     3 ||    89
Dodge: Dodged            |    31 |    55 |    86 |     2 ||   174
Block: Shield            |    55 |    93 |   148 |     1 ||   297

Table legend:
 A = Spawn XP
 B = Non-spawn XP
 C = Spawn XP percentage of total XP
 D = Spawn monster count
 E = Non-spawn monster count
 F = Spawn count percentage of total count
 G = Total turns spent on level
                    A         B        C        D         E        F      G
               +---------+---------+-------+---------+---------+-------+---------
         Total |       0 |    6966 |   0.0 |       0 |     200 |   0.0 |  5616
               +---------+---------+-------+---------+---------+-------+---------
           D:1 |       0 |      61 |   0.0 |       0 |      30 |   0.0 |   772
           D:2 |       0 |     108 |   0.0 |       0 |      28 |   0.0 |   512
           D:3 |       0 |     176 |   0.0 |       0 |      20 |   0.0 |   679
           D:4 |       0 |     360 |   0.0 |       0 |      19 |   0.0 |   588
           D:5 |       0 |     574 |   0.0 |       0 |      18 |   0.0 |   973
           D:6 |       0 |    1517 |   0.0 |       0 |      35 |   0.0 |   875
           D:7 |       0 |     944 |   0.0 |       0 |      24 |   0.0 |   571
           D:8 |       0 |    3226 |   0.0 |       0 |      26 |   0.0 |   494
               +---------+---------+-------+---------+---------+-------+---------
